BR
INDIAN HILLS VOODOO @ GRAND RAPIDS DUTCH OVENS
09/25/2027
 
TOP OF THE 1ST
Indian Hills Voodoo batting - Pitching for Grand Rapids Dutch Ovens : RHP Bob Peterson
Pitching: RHP Bob Peterson
Batting: SHB Cisco Oliva 0-0: Called Strike
0-1: Foul Ball, location: 2F
0-2: Fly out, F8 (Flyball, 8RM)
Batting: RHB Ben White 0-0: Ball
1-0: Foul Ball, location: 2F
1-1: Foul Ball, location: 2F
1-2: Ball
2-2: DOUBLE (Groundball, 5L)
Batting: RHB Doug Hunt 0-0: Ball
1-0: Foul Ball, location: 2F
1-1: Foul Ball, location: 2F
1-2: Strikes out swinging
Batting: RHB Dave McGuire 0-0: Ball
Balk!
Ben White to third
1-0: Ball
2-0: DOUBLE (Line Drive, 89D)
Ben White scores
Batting: LHB Marcos Féliz 0-0: Ground out U3 (Groundball, 3)
Top of the 1st over - 1 run(s), 2 hit(s), 0 error(s), 1 left on base; Indian Hills 1 - Grand Rapids 0
BOTTOM OF THE 1ST
Grand Rapids Dutch Ovens batting - Pitching for Indian Hills Voodoo : LHP Pete Shirley
Pitching: LHP Pete Shirley
Batting: RHB José Wills 0-0: Fly out, F7 (Line Drive, 7)
Batting: RHB Ray Bray 0-0: Ball
1-0: Ball
2-0: Ball
3-0: Called Strike
3-1: Foul Ball, location: 2F
3-2: Fly out, F4 (Popup, 4D)
Batting: RHB Manuel Flores 0-0: Called Strike
0-1: Ball
1-1: Foul Ball, location: 2F
1-2: Ball
2-2: Foul Ball, location: 2F
2-2: Ground out 5-3 (Groundball, 5S)
Bottom of the 1st over - 0 run(s), 0 hit(s), 0 error(s), 0 left on base; Indian Hills 1 - Grand Rapids 0
TOP OF THE 2ND
Indian Hills Voodoo batting - Pitching for Grand Rapids Dutch Ovens : RHP Bob Peterson
Batting: RHB Robin Dobson 0-0: Called Strike
0-1: Foul Ball, location: 2F
0-2: Ball
1-2: Strikes out swinging
Batting: SHB Rob Lowe 0-0: Called Strike
0-1: Ball
1-1: Ball
2-1: Foul Ball, location: 2F
2-2: Foul Ball, location: 2F
2-2: Foul Ball, location: 2F
2-2: Strikes out looking
Batting: LHB Mathew Clayton 0-0: Ground out 4-3 (Groundball, 4M)
Top of the 2nd over - 0 run(s), 0 hit(s), 0 error(s), 0 left on base; Indian Hills 1 - Grand Rapids 0
BOTTOM OF THE 2ND
Grand Rapids Dutch Ovens batting - Pitching for Indian Hills Voodoo : LHP Pete Shirley
Batting: LHB Nick Weber 0-0: Called Strike
0-1: Swinging Strike
0-2: Ball
1-2: Ball
2-2: Ball
3-2: Foul Ball, location: 2F
3-2: Strikes out swinging
Batting: RHB William Todd 0-0: Ball
1-0: Ground out 5-3 (Groundball, 5)
Batting: LHB Félix Costa 0-0: Called Strike
0-1: Foul Ball, location: 2F
0-2: Ball
1-2: Ball
2-2: Foul Ball, location: 2F
2-2: Ground out 3-1 (Groundball, 34S)
Bottom of the 2nd over - 0 run(s), 0 hit(s), 0 error(s), 0 left on base; Indian Hills 1 - Grand Rapids 0
TOP OF THE 3RD
Indian Hills Voodoo batting - Pitching for Grand Rapids Dutch Ovens : RHP Bob Peterson
Batting: RHB Joe LaFontaine 0-0: Called Strike
0-1: Foul Ball, location: 2F
0-2: Foul Ball, location: 2F
0-2: Fly out, F9 (Flyball, 9LS)
Batting: SHB Cisco Oliva 0-0: Called Strike
0-1: Ball
1-1: Ball
2-1: Foul Ball, location: 2F
2-2: Fly out, F7 (Line Drive, 7)
Batting: RHB Ben White 0-0: Ball
1-0: Ball
2-0: Called Strike
2-1: Ball
3-1: Swinging Strike
3-2: Strikes out swinging
Top of the 3rd over - 0 run(s), 0 hit(s), 0 error(s), 0 left on base; Indian Hills 1 - Grand Rapids 0
BOTTOM OF THE 3RD
Grand Rapids Dutch Ovens batting - Pitching for Indian Hills Voodoo : LHP Pete Shirley
Batting: LHB Lee Jenkins 0-0: Ball
1-0: Called Strike
1-1: Called Strike
1-2: Foul Ball, location: 2F
1-2: Strikes out looking
Batting: SHB Víctor Torres 0-0: Ball
1-0: Foul Ball, location: 2F
1-1: Ball
2-1: Foul Ball, location: 2F
2-2: Ground out 5-3 (Groundball, 56)
Batting: RHB Takuro Okawa 0-0: Ball
1-0: Ball
2-0: Called Strike
2-1: Fly out, F7 (Flyball, 78D)
Bottom of the 3rd over - 0 run(s), 0 hit(s), 0 error(s), 0 left on base; Indian Hills 1 - Grand Rapids 0
TOP OF THE 4TH
Indian Hills Voodoo batting - Pitching for Grand Rapids Dutch Ovens : RHP Bob Peterson
Batting: RHB Doug Hunt 0-0: Ball
1-0: Ball
2-0: Called Strike
2-1: Called Strike
2-2: Foul Ball, location: 2F
2-2: Strikes out swinging
Batting: RHB Dave McGuire 0-0: Ball
1-0: Called Strike
1-1: Swinging Strike
1-2: Foul Ball, location: 2F
1-2: SINGLE (Line Drive, 89M)
Batting: LHB Marcos Féliz 0-0: Called Strike
0-1: Foul Ball, location: 2F
0-2: Ball
1-2: Strikes out swinging
Batting: RHB Robin Dobson 0-0: Ball
1-0: Called Strike
1-1: Fly out, F9 (Flyball, 9LM)
Top of the 4th over - 0 run(s), 1 hit(s), 0 error(s), 1 left on base; Indian Hills 1 - Grand Rapids 0
BOTTOM OF THE 4TH
Grand Rapids Dutch Ovens batting - Pitching for Indian Hills Voodoo : LHP Pete Shirley
Batting: RHB José Wills 0-0: Ball
1-0: Ball
2-0: Reached on error, E5 (Line Drive, 5)
Batting: RHB Ray Bray 0-0: Swinging Strike
0-1: Swinging Strike
0-2: Foul Ball, location: 2F
0-2: SINGLE (Groundball, 6MD)
José Wills to second
Batting: RHB Manuel Flores 0-0: Called Strike
0-1: Called Strike
0-2: Ball
1-2: Hit by Pitch
José Wills to third
Ray Bray to second
Batting: LHB Nick Weber 0-0: Called Strike
0-1: Fly out, F9 (Flyball, 9LS)
Batting: RHB William Todd 0-0: Called Strike
0-1: Swinging Strike
0-2: Ball
1-2: Strikes out looking
Batting: LHB Félix Costa 0-0: Foul Ball, location: 2F
0-1: Foul Ball, location: 2F
0-2: Fly out, F7 (Flyball, 7)
Bottom of the 4th over - 0 run(s), 1 hit(s), 1 error(s), 3 left on base; Indian Hills 1 - Grand Rapids 0
TOP OF THE 5TH
Indian Hills Voodoo batting - Pitching for Grand Rapids Dutch Ovens : RHP Bob Peterson
Batting: SHB Rob Lowe 0-0: Swinging Strike
0-1: Ball
1-1: Foul Ball, location: 2F
1-2: Ball
2-2: Strikes out looking
Batting: LHB Mathew Clayton 0-0: Swinging Strike
0-1: Ball
1-1: Fly out, F5 (Flyball, 5D)
Batting: RHB Joe LaFontaine 0-0: Called Strike
0-1: SINGLE (Groundball, 56D)
Batting: SHB Cisco Oliva 0-0: Called Strike
Joe LaFontaine is caught stealing 2nd base
Top of the 5th over - 0 run(s), 1 hit(s), 0 error(s), 0 left on base; Indian Hills 1 - Grand Rapids 0
BOTTOM OF THE 5TH
Grand Rapids Dutch Ovens batting - Pitching for Indian Hills Voodoo : LHP Pete Shirley
Batting: LHB Lee Jenkins 0-0: Fly out, F8 (Flyball, 89M)
Batting: SHB Víctor Torres 0-0: Foul Ball, location: 2F
0-1: Foul Ball, location: 2F
0-2: Strikes out swinging, 2-3 out at first.
Batting: RHB Takuro Okawa 0-0: Foul Ball, location: 2F
0-1: TRIPLE (Flyball, 8LD)
Batting: RHB José Wills 0-0: Foul Ball, location: 2F
0-1: Ball
1-1: Ground out 5-3 (Groundball, 56)
Bottom of the 5th over - 0 run(s), 1 hit(s), 0 error(s), 1 left on base; Indian Hills 1 - Grand Rapids 0
TOP OF THE 6TH
Indian Hills Voodoo batting - Pitching for Grand Rapids Dutch Ovens : RHP Bob Peterson
Batting: SHB Cisco Oliva 0-0: Swinging Strike
0-1: Foul Ball, location: 2F
0-2: Strikes out looking
Batting: RHB Ben White 0-0: Ball
1-0: Ball
2-0: Called Strike
2-1: Ball
3-1: Called Strike
3-2: Base on Balls
Pitching: LHP Jorge Luna
Batting: RHB Doug Hunt 0-0: Called Strike
0-1: Ball
1-1: Swinging Strike
1-2: Strikes out swinging
Batting: RHB Dave McGuire 0-0: Called Strike
0-1: Foul Ball, location: 2F
0-2: Foul Ball, location: 2F
0-2: Ball
1-2: Ball
2-2: Strikes out swinging
Top of the 6th over - 0 run(s), 0 hit(s), 0 error(s), 1 left on base; Indian Hills 1 - Grand Rapids 0
BOTTOM OF THE 6TH
Grand Rapids Dutch Ovens batting - Pitching for Indian Hills Voodoo : LHP Pete Shirley
Batting: RHB Ray Bray 0-0: Called Strike
0-1: Swinging Strike
0-2: Ball
1-2: Ground out 5-3 (Groundball, 5S)
Batting: RHB Manuel Flores 0-0: Ball
1-0: Foul Ball, location: 2F
1-1: Ball
2-1: Ball
3-1: Ground out 5-3 (Groundball, 56)
Batting: LHB Nick Weber 0-0: Ball
1-0: Ball
2-0: Called Strike
2-1: Reached via error on a dropped throw, E3
Pitching: RHP Tom Reed
Batting: RHB William Todd 0-0: Ball
1-0: Hit by Pitch
Nick Weber to second
Batting: LHB Félix Costa 0-0: Foul Ball, location: 2F
0-1: Called Strike
0-2: Ball
1-2: Foul Ball, location: 2F
1-2: Ball
2-2: Ball
3-2: Ground out 6-3 (Groundball, 6M)
Bottom of the 6th over - 0 run(s), 0 hit(s), 1 error(s), 2 left on base; Indian Hills 1 - Grand Rapids 0
TOP OF THE 7TH
Indian Hills Voodoo batting - Pitching for Grand Rapids Dutch Ovens : LHP Jorge Luna
Batting: LHB Marcos Féliz 0-0: Ball
1-0: Called Strike
1-1: Ball
2-1: Ball
3-1: Reached on error, E6 (Groundball, 6)
Pinch Hitting: RHB Mike Cleveland Pickoff Throw to First - Error! E1
Marcos Féliz to second
0-0: Intentional Walk
Batting: SHB Rob Lowe 0-0: Called Strike
0-1: Called Strike
Marcos Féliz is caught stealing 3rd base
Mike Cleveland to second
0-2: Ball
1-2: Strikes out swinging
Pinch Hitting: LHB Aaron Thompson 0-0: Ball
1-0: Called Strike
1-1: Ball
2-1: Ball
3-1: Called Strike
3-2: Base on Balls
Pinch Hitting: RHB Andrés Jiménez 0-0: Ball
1-0: Called Strike
1-1: Foul Ball, location: 2F
1-2: Ball
2-2: DOUBLE (Line Drive, 7LS)
Mike Cleveland scores
Aaron Thompson to third
Batting: SHB Cisco Oliva 0-0: Called Strike
0-1: Ball
1-1: Foul Ball, location: 2F
1-2: Ball
2-2: Ball
3-2: Strikes out looking
Top of the 7th over - 1 run(s), 1 hit(s), 2 error(s), 2 left on base; Indian Hills 2 - Grand Rapids 0
BOTTOM OF THE 7TH
Grand Rapids Dutch Ovens batting - Pitching for Indian Hills Voodoo : RHP Tom Reed
Now at 1B: Mike Cleveland
Now at 2B: Ricardo García
Now at 3B: Andrés Jiménez
Batting: LHB Lee Jenkins 0-0: Ball
1-0: Ball
2-0: Ball
3-0: Called Strike
3-1: Base on Balls
Batting: SHB Víctor Torres 0-0: Ball
1-0: Swinging Strike
1-1: Fly out, F3 (Line Drive, 3)
Lined into DP, U3 (Line Drive, 3)
Batting: RHB Takuro Okawa 0-0: Foul Ball, location: 2F
0-1: Ball
1-1: Fly out, F9 (Line Drive, 89M)
Bottom of the 7th over - 0 run(s), 0 hit(s), 0 error(s), 0 left on base; Indian Hills 2 - Grand Rapids 0
TOP OF THE 8TH
Indian Hills Voodoo batting - Pitching for Grand Rapids Dutch Ovens : LHP Jorge Luna
Batting: RHB Ben White 0-0: Ball
1-0: Called Strike
1-1: Ball
2-1: Swinging Strike
2-2: Ball
3-2: Base on Balls
Batting: RHB Doug Hunt 0-0: Ball
1-0: Foul Ball, location: 2F
1-1: Ball
2-1: Grounds into double play, 4-6-3 (Groundball, 4)
Batting: RHB Dave McGuire 0-0: Ball
1-0: Foul Ball, location: 2F
1-1: Ball
2-1: Swinging Strike
2-2: Foul Ball, location: 2F
2-2: Foul Ball, location: 2F
2-2: Ball
3-2: SINGLE (Line Drive, 4MD)
Batting: LHB Marcos Féliz 0-0: Ball
1-0: Swinging Strike
1-1: Swinging Strike
1-2: Strikes out swinging
Top of the 8th over - 0 run(s), 1 hit(s), 0 error(s), 1 left on base; Indian Hills 2 - Grand Rapids 0
BOTTOM OF THE 8TH
Grand Rapids Dutch Ovens batting - Pitching for Indian Hills Voodoo : RHP Tom Reed
Batting: RHB José Wills 0-0: Called Strike
0-1: Foul Ball, location: 2F
0-2: Foul Ball, location: 2F
0-2: Strikes out looking
Batting: RHB Ray Bray 0-0: Ball
1-0: SINGLE (Line Drive, 9S)
Pitching: RHP Michael MacDonald
Batting: RHB Manuel Flores 0-0: Fly out, F8 (Flyball, 8RM)
Pitching: RHP Cole Reynolds
Batting: LHB Nick Weber 0-0: SINGLE (Groundball, 34S) (infield hit)
Ray Bray to second
Pinch Hitting: LHB David Morgan 0-0: 3-RUN HOME RUN (Flyball, 89XD), Distance : 439 ft
Pitching: LHP Zak Smith
Batting: LHB Félix Costa 0-0: Called Strike
0-1: Ball
1-1: Swinging Strike
1-2: Ball
2-2: Foul Ball, location: 2F
2-2: Ball
3-2: Strikes out looking
Bottom of the 8th over - 3 run(s), 3 hit(s), 0 error(s), 0 left on base; Indian Hills 2 - Grand Rapids 3
TOP OF THE 9TH
Indian Hills Voodoo batting - Pitching for Grand Rapids Dutch Ovens : LHP Jorge Luna
Pitching: LHP Sancho Espinoza
Now at 3B: Theodore Burns
Batting: RHB Mike Cleveland 0-0: Ball
1-0: Fly out, F9 (Flyball, 9)
Pinch Hitting: RHB Ron Davis 0-0: Ball
1-0: Swinging Strike
1-1: Swinging Strike
1-2: Strikes out swinging
Batting: RHB Ricardo García 0-0: Ball
1-0: Swinging Strike
1-1: SOLO HOME RUN (Flyball, 78XD), Distance : 406 ft
Batting: RHB Andrés Jiménez 0-0: Swinging Strike
0-1: Swinging Strike
0-2: Foul Ball, location: 2F
0-2: Ball
1-2: Ball
2-2: Strikes out swinging
Top of the 9th over - 1 run(s), 1 hit(s), 0 error(s), 0 left on base; Indian Hills 3 - Grand Rapids 3
BOTTOM OF THE 9TH
Grand Rapids Dutch Ovens batting - Pitching for Indian Hills Voodoo : LHP Zak Smith
Now in CF: Marvin Kidd
Pinch Hitting: RHB Gary Wyatt 0-0: Ball
1-0: Fly out, F9 (Flyball, 9)
Batting: SHB Víctor Torres 0-0: Ball
1-0: Ground out 5-3 (Groundball, 56S)
Batting: RHB Takuro Okawa 0-0: Called Strike
0-1: Ball
1-1: Ball
2-1: Swinging Strike
2-2: Fly out, F8 (Line Drive, 89M)
Bottom of the 9th over - 0 run(s), 0 hit(s), 0 error(s), 0 left on base; Indian Hills 3 - Grand Rapids 3
TOP OF THE 10TH
Indian Hills Voodoo batting - Pitching for Grand Rapids Dutch Ovens : LHP Sancho Espinoza
Now in RF: Gary Wyatt
Batting: SHB Cisco Oliva 0-0: Ball
1-0: Foul Ball, location: 2F
1-1: Ground out 4-3 (Groundball, 4)
Batting: RHB Ben White 0-0: Ground out 3-1 (Groundball, 34)
Batting: RHB Doug Hunt 0-0: Called Strike
0-1: Foul Ball, location: 2F
0-2: Ball
1-2: Foul Ball, location: 2F
1-2: Fly out, F8 (Flyball, 8RM)
Top of the 10th over - 0 run(s), 0 hit(s), 0 error(s), 0 left on base; Indian Hills 3 - Grand Rapids 3
BOTTOM OF THE 10TH
Grand Rapids Dutch Ovens batting - Pitching for Indian Hills Voodoo : LHP Zak Smith
Pinch Hitting: RHB Carlos Martínez 0-0: Ball
1-0: Ground out 6-3 (Groundball, 6)
Batting: RHB Ray Bray 0-0: Ball
1-0: SINGLE (Groundball, 6MD)
Batting: RHB Manuel Flores 0-0: Called Strike
0-1: Swinging Strike
0-2: Foul Ball, location: 2F
0-2: Ball
1-2: Ball
2-2: Fly out, F5 (Line Drive, 5)
Pinch Hitting: RHB António Aguilera 0-0: Swinging Strike
0-1: Foul Ball, location: 2F
0-2: Foul Ball, location: 2F
0-2: Ball
1-2: Fielders Choice at 2nd, 5-4 (Groundball, 5)
Bottom of the 10th over - 0 run(s), 1 hit(s), 0 error(s), 0 left on base; Indian Hills 3 - Grand Rapids 3
TOP OF THE 11TH
Indian Hills Voodoo batting - Pitching for Grand Rapids Dutch Ovens : LHP Sancho Espinoza
Now at C: Carlos Martínez
Now in LF: António Aguilera
Batting: RHB Dave McGuire 0-0: Ball
1-0: Ball
2-0: Foul Ball, location: 2F
2-1: Foul Ball, location: 2F
2-2: Fly out, F9 (Flyball, 9LS)
Pinch Hitting: RHB David Vásquez 0-0: Fly out, F9 (Flyball, 9)
Batting: RHB Mike Cleveland 0-0: Foul Ball, location: 2F
0-1: SINGLE (Line Drive, 8LS)
Batting: RHB Marvin Kidd 0-0: Fly out, F8 (Flyball, 8RD)
Top of the 11th over - 0 run(s), 1 hit(s), 0 error(s), 1 left on base; Indian Hills 3 - Grand Rapids 3
BOTTOM OF THE 11TH
Grand Rapids Dutch Ovens batting - Pitching for Indian Hills Voodoo : LHP Zak Smith
Now in RF: William Knisley
Pinch Hitting: RHB Alec Goodman 0-0: Ball
1-0: Foul Ball, location: 2F
1-1: Fly out, F6 (Line Drive, 6)
Batting: LHB Félix Costa 0-0: Ball
1-0: Ball
2-0: Foul Ball, location: 2F
2-1: Swinging Strike
2-2: Ball
3-2: DOUBLE (Line Drive, 8LD)
Batting: RHB Gary Wyatt 0-0: Called Strike
0-1: Called Strike
0-2: Ball
1-2: Ball
2-2: Fly out, F2 (Popup, 15)
Batting: SHB Víctor Torres 0-0: Ball
1-0: Called Strike
1-1: Ground out 6-3 (Groundball, 6)
Bottom of the 11th over - 0 run(s), 1 hit(s), 0 error(s), 1 left on base; Indian Hills 3 - Grand Rapids 3
TOP OF THE 12TH
Indian Hills Voodoo batting - Pitching for Grand Rapids Dutch Ovens : LHP Sancho Espinoza
Now at SS: Alec Goodman
Batting: RHB Ricardo García 0-0: Fly out, F2 (Popup, 5S)
Batting: RHB Andrés Jiménez 0-0: Foul Ball, location: 2F
0-1: Fly out, F8 (Flyball, 8LM)
Batting: SHB Cisco Oliva 0-0: Ball
1-0: SINGLE (Line Drive, 89S)
Batting: RHB Ben White 0-0: Called Strike
Cisco Oliva steals 2nd base
0-1: Ground out 5-3 (Groundball, 5S)
Top of the 12th over - 0 run(s), 1 hit(s), 0 error(s), 1 left on base; Indian Hills 3 - Grand Rapids 3
BOTTOM OF THE 12TH
Grand Rapids Dutch Ovens batting - Pitching for Indian Hills Voodoo : LHP Zak Smith
Batting: RHB Takuro Okawa 0-0: Ball
1-0: Called Strike
1-1: Foul Ball, location: 2F
1-2: Ground out 6-3 (Groundball, 6)
Batting: RHB Carlos Martínez 0-0: Ball
1-0: Ball
2-0: Ground out 6-3 (Groundball, 6S)
Pitching: LHP Jared Steele
Batting: RHB Ray Bray 0-0: Ball
1-0: Ball
2-0: Called Strike
2-1: Ball
3-1: Called Strike
3-2: DOUBLE (Flyball, 8RM)
Batting: RHB Manuel Flores 0-0: Called Strike
0-1: Ground out 5-3 (Groundball, 5S)
Bottom of the 12th over - 0 run(s), 1 hit(s), 0 error(s), 1 left on base; Indian Hills 3 - Grand Rapids 3
TOP OF THE 13TH
Indian Hills Voodoo batting - Pitching for Grand Rapids Dutch Ovens : LHP Sancho Espinoza
Batting: RHB Doug Hunt 0-0: Ball
1-0: SINGLE (Groundball, 4D)
Batting: RHB Dave McGuire 0-0: Ball
1-0: Ball
2-0: DOUBLE (Line Drive, 9LM)
Doug Hunt to third
Runner from 3rd tries for Home, SAFE, no throw
Pitching: RHP Gustavo Cháves
Pinch Hitting: RHB Greg Williams 0-0: Ground out 6-3 (Groundball, 6)
Batting: RHB Mike Cleveland 0-0: Intentional Walk
Batting: RHB Marvin Kidd 0-0: SINGLE (Line Drive, 78S)
Dave McGuire to third
Mike Cleveland to second
Batting: RHB Ricardo García 0-0: Ball
1-0: Ball
2-0: Foul Ball, location: 2F
2-1: Ball
3-1: Base on Balls
Dave McGuire scores
Mike Cleveland to third
Marvin Kidd to second
Batting: RHB Andrés Jiménez 0-0: Ball
1-0: DOUBLE (Line Drive, 78D)
Mike Cleveland scores
Marvin Kidd scores
Ricardo García to third
Pitching: RHP Jeffery Dillon
Batting: SHB Cisco Oliva 0-0: Ball
1-0: Swinging Strike
1-1: Ball
2-1: Swinging Strike
2-2: Fly out, F4 (Popup, 4D)
Batting: RHB Ben White 0-0: Ball
1-0: SINGLE (Flyball, 8LS)
Ricardo García scores
Andrés Jiménez to third
Runner from 3rd tries for Home, SAFE, no throw
Batting: RHB Doug Hunt 0-0: Swinging Strike
0-1: Ball
1-1: Swinging Strike
1-2: Ball
2-2: Strikes out swinging
Top of the 13th over - 6 run(s), 5 hit(s), 0 error(s), 1 left on base; Indian Hills 9 - Grand Rapids 3
BOTTOM OF THE 13TH
Grand Rapids Dutch Ovens batting - Pitching for Indian Hills Voodoo : LHP Jared Steele
Now in RF: Ricardo Navarro
Batting: RHB António Aguilera 0-0: Foul Ball, location: 2F
0-1: Ground out 6-3 (Groundball, 6)
Batting: RHB Alec Goodman 0-0: Ball
1-0: Called Strike
1-1: Ball
2-1: Swinging Strike
2-2: Strikes out swinging
Batting: LHB Félix Costa 0-0: Called Strike
0-1: Ball
1-1: Ball
2-1: DOUBLE (Groundball, 3L)
Batting: RHB Gary Wyatt 0-0: Ball
1-0: Fly out, F9 (Flyball, 89M)
Bottom of the 13th over - 0 run(s), 1 hit(s), 0 error(s), 1 left on base; Indian Hills 9 - Grand Rapids 3
Thursday, March 30th, 2017 - OOTP Baseball 17.12 Build 75